 Dungeon Crawl Stone Soup version 0.28-a0-1236-gb25a51b929 (webtiles) character file.

Game seed: 7075722499137635936

66 Zonian the Gusty (level 4, -3/21 HPs)
             Began as a Tengu Air Elementalist on Dec 25, 2021.
             Slain by an orc priest (4 damage)
             ... on level 3 of the Dungeon.
             The game lasted 00:05:38 (4236 turns).

Zonian the Gusty (Tengu Air Elementalist)           Turns: 4236, Time: 00:05:39

Health: -3/21      AC:  2    Str: 14 (17) XL:     4   Next: 15%
Magic:  2/8        EV: 12    Int: 15      God:
Gold:   123        SH:  0    Dex: 12 (14) Spells: 4/7 levels left

rFire   x . .      SeeInvis .     - Unarmed
rCold   + . .      Faith    .   (no shield)
rNeg    . . .      Spirit   .   a - +0 robe
rPois   .          Reflect  .   (helmet restricted)
rElec   .          Harm     .   i - scarf {repulsion}
rCorr   .          Rampage  .   (no gloves)
Will    .....                   (boots unavailable)
Stlth   ++........              (no amulet)
HPRegen 0.07/turn               b - +6 ring of strength
MPRegen 0.11/turn               c - ring of ice

@: very slightly contaminated, repel missiles
A: beak, talons 3, frail 1
a: no special abilities


You were on level 3 of the Dungeon.
You visited 1 branch of the dungeon, and saw 3 of its levels.

You collected 123 gold pieces.

Inventory:

Hand Weapons
 f - a +0 short sword
 h - a +0 falchion
Missiles
 e - a throwing net
Armour
 a - a +0 robe (worn)
 i - a scarf of repulsion (worn)
Jewellery
 b - a +6 ring of strength (left hand)
 c - a ring of ice (right hand)
Scrolls
 d - a scroll of identify
 g - a scroll of noise
 j - a scroll of teleportation
 k - a scroll of silence {unknown}


   Skills:
 + Level 2.7 Dodging
 + Level 2.7 Stealth
 + Level 1.0 Unarmed Combat
 + Level 2.4 Spellcasting
 + Level 2.4 Conjurations
 + Level 4.4 Air Magic


You had 4 spell levels left.
You knew the following spells:

 Your Spells              Type           Power      Damage    Failure   Level
a - Shock                 Conj/Air       48%        1d6       4%          1
b - Static Discharge      Conj/Air       12%        N/A       8%          2

Your spell library contained the following spells:

 Spells                   Type           Power      Damage    Failure   Level
 Swiftness                Air            15%        N/A       10%         3
 Airstrike                Air            7%         N/A       32%         4
 Ozocubu's Armour         Ice            2%         N/A       54%         3
 Ozocubu's Refrigeration  Ice            1%         4d5       100%        7


Dungeon Overview and Level Annotations

Branches:
Dungeon (3/15)

Altars:

Annotations:
D:3 1 runed translucent door, Crazy Yiuf


Innate Abilities, Weirdness & Mutations

You have a beak for a mouth.
You have claws for feet.
You are frail. (-10% HP)


Message History

Your Unarmed Combat skill increases to level 1!
The orc priest invokes the aid of Beogh against you.
Pain shoots through your body!
The orc throws a boomerang.
The boomerang misses you.
Things that are here:
a +0 flail; a +0 dagger; an orc corpse Unknown command.
Casting: Static Discharge (safe; 8% risk of failure)
Confirm with . or Enter, or press ? or * to list all spells.
The orc priest is struck by an arc of lightning.
The orc priest is moderately wounded.
You are struck by an arc of lightning.
The lightning grounds out.
The orc priest hits you with a +0 short sword.
Unknown command.
Casting: Static Discharge (safe; 8% risk of failure)
Confirm with . or Enter, or press ? or * to list all spells.
The orc is struck by an arc of lightning.
The orc is heavily wounded.
You are struck by an arc of lightning.
The lightning grounds out.
The orc priest is struck by an arc of lightning.
The orc priest is severely wounded.
The lightning grounds out.
The orc priest hits you with a +0 short sword.
The orc hits you with a +0 mace.
* * * LOW HITPOINT WARNING * * *
Unknown command.
Casting: Static Discharge (safe; 8% risk of failure)
Confirm with . or Enter, or press ? or * to list all spells.
You miscast Static Discharge.
You are very lightly contaminated with residual magic.
Nothing appears to happen.
The orc priest hits you with a +0 short sword.
* * * LOW HITPOINT WARNING * * *
The orc hits you but does no damage.
You aren't carrying any potions.
Unknown command.
You closely miss the orc priest.
The orc priest is severely wounded.
The orc priest hits you with a +0 short sword.
You die...

#.##..............
#.##.###.#.##.##..
###.##.#.o..........
#......#.#..........
#>#....#.#...PPPPPPP
#.#....#.##..PPPPPPP
#.#......##..PP.....
#)###.........P.....
#.o@o........PP..PPP
#####.........P..P..
#........PP
#..........
#..........
#........##
......#### ......#


You could see an orc priest and an orc.

Vanquished Creatures
  Robin (D:2)
  A dart slug (D:1)
  3 orcs (D:3)
  4 bats
  4 endoplasms
  A giant cockroach (D:3)
  10 goblins
  3 hobgoblins (D:2)
  5 jackals (D:1)
  A quokka (D:2)
  4 ball pythons
  6 kobolds
  A rat (D:1)
44 creatures vanquished.

Vanquished Creatures (others)
  3 fungi (D:3)
  17 plants (D:1)
20 creatures vanquished.

Grand Total: 64 creatures vanquished

Notes
Turn   | Place    | Note
-------+----------+-------------------------------------------
     0 | D:1      | Zonian the Tengu Air Elementalist began the quest for the
                  | Orb.
     0 | D:1      | Reached XP level 1. HP: 10/10 MP: 4/4
   781 | D:1      | Reached XP level 2. HP: 15/15 MP: 0/6
  1549 | D:1      | Reached XP level 3. HP: 15/19 MP: 5/7
  2296 | D:2      | Noticed Robin
  2607 | D:2      | Noticed Sigmund
  2619 | D:2      | Gained mutation: You are frail. (-10% HP) [potion of
                  | mutation]
  3082 | D:2      | Killed Robin
  3866 | D:3      | Found a runed translucent door.
  3867 | D:3      | Noticed Crazy Yiuf
  3893 | D:3      | Found a faded altar of an unknown god.
  3960 | D:3      | Reached XP level 4. HP: 21/21 MP: 4/8
  4069 | D:3      | Learned a level 2 spell: Static Discharge
  4232 | D:3      | Reached skill level 1 in Unarmed Combat
  4235 | D:3      | HP: 1/21 [orc priest (3)]
  4236 | D:3      | Slain by an orc priest

Illustrated notes

Levels and vault maps discovered:
D:1:      minmay_arrival_arboretum_small, layout_loops_ring, chequers_big_river
D:2:      layout_rooms, uniq_robin, uniq_sigmund
D:3:      layout_basic, grunt_qazlal_sundering, mainiacjoe_overflow_chevrons,
          basic_ecumenical_altar, uniq_crazy_yiuf_cottage

Skill      XL: |  1  2  3  4 |
---------------+-------------+-----
Conjurations   | 2 |  2.4
Unarmed Combat | 1 |  1.0
Dodging        | |  2.7
Stealth        | |  2.7
Spellcasting   | |  2.4
Air Magic      | |  4.4

Action                   |  1- 3 |  4- 6 || total
-------------------------+-------+-------++-------
Melee: Unarmed           |    74 |     7 ||    81
       Peck              |    12 |     1 ||    13
       Kick              |    14 |     2 ||    16
 Cast: Shock             |    55 |     6 ||    61
       Static Discharge  |       |     3 ||     3
  Use: Potion            |     3 |       ||     3
       Scroll            |     1 |     3 ||     4
 Stab: Sleeping          |     3 |     1 ||     4
Armor: Robe              |    19 |     1 ||    20
Dodge: Dodged            |    66 |     1 ||    67

Table legend: (Time is in decaauts)
 A = Elapsed time spent in this place.
 B = Non-inter-level travel time spent in this place.
 C = Inter-level travel time spent in this place.
 D = Time resting spent in this place.
 E = Time spent auto-exploring this place.
 F = Levels seen in this place.
 G = Mean time per level.
                   A        B        C        D        E       F      G
               +--------+--------+--------+--------+--------+-----+--------+
         Total |   4247 |   4202 |     45 |   2156 |   1463 |   3 | 1415.7 |
       Dungeon |   4247 |   4202 |     45 |   2156 |   1463 |   3 | 1415.7 |
               +--------+--------+--------+--------+--------+-----+--------+

Top non-repeatable levels by time:
     D:1: 2524 daAuts
     D:2: 1300 daAuts
     D:3: 423 daAuts
